 Dungeon Crawl Stone Soup version 0.29.1-15-g9cfb28693d (webtiles) character file.

Game seed: 18164969709772635661

20 hawla the Chopper (level 3, -3/28 HPs)
             Began as a Meteoran Wanderer on Apr 5, 2023.
             Slain by Sigmund
             ... wielding a +0 scythe
              (4 damage)
             ... on level 2 of the Dungeon.
             The game lasted 00:04:05 (340 turns).

hawla the Chopper (Meteoran Wanderer)                Turns: 340, Time: 00:04:06

Health: -3/28      AC:  4    Str: 12 (14) XL:     3   Next: 14%
Magic:  2/5        EV: 12    Int: 11 (13) God:
Gold:   39         SH:  0    Dex: 14 (15) Spells: 3/4 levels left

rFire   . . .      SeeInvis .   i - staff of death
rCold   . . .      Faith    .   (no shield)
rNeg    + . .      Spirit   .   e - +0 leather armour
rPois   .          Reflect  .   (no helmet)
rElec   .          Harm     .   c - +0 cloak
rCorr   .          Rampage  .   (no gloves)
Will    .....                   (no boots)
Stlth   +.........              (no amulet)
HPRegen 0.09/turn               (no ring)
MPRegen 0.09/turn               (no ring)

@: glowing, invisible (but backlit and visible)
A: sense surroundings 1, otherworldly, glowing, explore regen
a: no special abilities


You were on level 2 of the Dungeon.
You visited 1 branch of the dungeon, and saw 2 of its levels.

You collected 39 gold pieces.

Inventory:

Hand Weapons
 a - a +0 war axe
Armour
 c - a +0 cloak (worn)
 e - a +0 leather armour (worn)
Magical Staves
 i - a staff of death (weapon)
Scrolls
 f - 2 scrolls of identify {unknown}
 h - a scroll of magic mapping {unknown}
 j - a scroll of noise {unknown}
Potions
 d - a potion of attraction


   Skills:
 - Level 1.1 Fighting
 + Level 4.2 Axes
 - Level 2.1 Ranged Weapons
 - Level 2.4 Armour
 - Level 2.6 Dodging
 + Level 1.1 Spellcasting
 * Level 1.0 Summonings


You had 3 spell levels left.
You knew the following spells:

 Your Spells              Type           Power      Damage    Failure   Level
a - Summon Small Mammal   Summ           8%         N/A       26%         1

Your spell library contained the following spells:

 Spells                   Type           Power      Damage    Failure   Level
 Call Canine Familiar     Summ           2%         N/A       63%         3
 Summon Guardian Golem    Hex/Summ       1%         N/A       69%         3
 Gell's Gravitas          Tloc           0%         N/A       77%         3
 Teleport Other           Tloc           0%         N/A       77%         3
 Dispersal                Tloc           0%         N/A       100%        6


Dungeon Overview and Level Annotations

Branches:
Dungeon (2/15) Zot: 847

Altars:

Annotations:
D:2 Sigmund


Innate Abilities, Weirdness & Mutations

You passively map a small area around you.
You are easily found by Zot.
You glow in the dark.
You regain HP and MP as you explore.


Message History

Your bat barely misses the goblin.
Sigmund hits you from afar with a +0 scythe.
The goblin hits you but does no damage.
Found a stone staircase leading down.
Your bat barely misses the goblin.
Your bat hits the goblin. The goblin hits you with a +0 mace.
You hit Sigmund.
Sigmund is lightly wounded.
Your bat barely misses the goblin.
Your bat hits Sigmund but does no damage. x2
Sigmund hits you with a +0 scythe. The goblin hits you with a +0 mace.
Casting: Summon Small Mammal (safe; 22% risk of failure)
Confirm with . or Enter, or press ? or * to list all spells.
Your bat disappears in a puff of smoke!
Your bat hits the goblin. Sigmund hits you but does no damage.
The goblin barely misses you.
You closely miss Sigmund.
Sigmund is lightly wounded.
Your bat barely misses the goblin.
Your bat hits the goblin.
The goblin dies!
Sigmund closely misses you.
You hit Sigmund.
Sigmund is moderately wounded.
Your bat hits Sigmund.
Your bat closely misses Sigmund.
Sigmund hits you with a +0 scythe!
* * * LOW HITPOINT WARNING * * *
Unknown command.
It was a potion of degeneration.
There was something very wrong with that liquid.
You feel weakened.
You feel dopey.
You feel clumsy.
Your bat closely misses Sigmund.
Your bat hits Sigmund but does no damage.
Casting: Summon Small Mammal (safe; 26% risk of failure)
Confirm with . or Enter, or press ? or * to list all spells.
You don't know that spell.
It was a potion of invisibility.
You become transparent, but the glow from your body prevents you from becoming completely invisible.
Your bat barely misses Sigmund.
Your bat hits Sigmund but does no damage.
Sigmund hits you with a +0 scythe.
You die...

.............# * #.# ~
...#.#...# #<####..# . ,
##......####.#...)## .,,
, ##.#...............#.#
.......##.##.......#.##
...#...............8..#
.......#...##.........##
.######..####...b8b..8.8
* ........##
###.@@.._...* ...######
#.#8.8.8.8 #.#.#...<. ,
#...# .8## * ...>. *## *
* , ..... * ,* ....... ,
... ... , ~


You could see Sigmund (ally target) and 2 friendly bats.

Vanquished Creatures
  A dart slug (D:2)
  An endoplasm (D:1)
  3 giant cockroaches (D:1)
  2 goblins
  A hobgoblin (D:1)
  2 quokkas
  A ball python (D:1)
  2 frilled lizards (D:1)
  4 rats
17 creatures vanquished.

Vanquished Creatures (collateral kills)
  A goblin (D:2)
1 creature vanquished.

Grand Total: 18 creatures vanquished

Notes
Turn   | Place    | Note
-------+----------+-------------------------------------------
     0 | D:1      | hawla the Meteoran Wanderer began the quest for the Orb.
     0 | D:1      | hawla set off with the following items: a +0 war axe, a +0
                  | sling, a +0 cloak, a potion of attraction, a +0 leather
                  | armour.
     0 | D:1      | Reached XP level 1. HP: 16/16 MP: 2/2
    59 | D:2      | Noticed Sigmund
    85 | D:1      | Reached skill level 4 in Axes
    85 | D:1      | Reached XP level 2. HP: 22/23 MP: 3/3
   160 | D:1      | Reached skill level 1 in Spellcasting
   168 | D:1      | Learned a level 1 spell: Summon Small Mammal
   234 | D:1      | Reached skill level 1 in Summonings
   288 | D:2      | Reached XP level 3. HP: 8/28 MP: 2/5
   328 | D:2      | Found a faded altar of an unknown god.
   338 | D:2      | HP: 1/28 [Sigmund/+0 scythe (10)]
   340 | D:2      | Slain by Sigmund

Illustrated notes

Levels and vault maps discovered:
D:1:      wander_arrival_desolate, layout_loops_cross
D:2:      wander_river, layout_rooms, ebering_ecumenical_altar_ruins,
          uniq_sigmund, uniq_jessica

Skill      XL: |  1  2 |
---------------+-------+-----
Axes           | 4 |  4.2
Spellcasting   | 1 |  1.1
Summonings     | 1 |  1.0
Fighting       | |  1.1
Ranged Weapons | |  2.1
Armour         | |  2.4
Dodging        | |  2.6

Action                   || total
-------------------------++-------
Melee: War axe           ||    29
       Staff             ||    16
 Cast: Summon Small Mamm ||     4
  Use: Potion            ||     2
Armor: Leather armour    ||    18
Dodge: Dodged            ||    24
